 Dungeon Crawl Stone Soup version 0.26.0-3-g156281e41b (webtiles) character file.

Game seed: 761482657624498956

28335 ythm the Severer (level 13, -2/122 HPs)
             Began as a Minotaur Fighter on Jan 9, 2021.
             Was the Champion of Okawaru.
             Slain by Jorgrun
             ... wielding an uncursed staff of earth
              (8 damage)
             ... on level 10 of the Dungeon.
             The game lasted 00:26:44 (16498 turns).

ythm the Severer (Minotaur Fighter)                Turns: 16498, Time: 00:26:45

Health: -2/122     AC: 24    Str: 29    XL:     13   Next: 9%
Magic:  12/12      EV:  5    Int:  5    God:    Okawaru [******]
Gold:   961        SH: 14    Dex: 10    Spells: 12/12 levels left

rFire    . . .     SeeInvis .   T - +0 broad axe (elec)
rCold    + . .     Faith    +   c - +0 kite shield
rNeg     . . .     Spirit   .   E - +0 plate armour
rPois    +         Reflect  .   K - +1 hat
rElec    .         Harm     .   X - +1 cloak {rC+}
rCorr    .         Rampage  .   C - +2 pair of gloves {Str+3}
Will     .....                  l - +2 pair of boots
Stlth    ..........             P - amulet of faith
HPRegen  0.30/turn              L - ring of poison resistance
MPRegen  0.13/turn              i - ring of stealth

@: mighty, grasped by roots, hasted, constricted, very quick
A: retaliatory headbutt, horns 2
a: Renounce Religion, Heroism, Finesse


You were on level 10 of the Dungeon.
You worshipped Okawaru.
Okawaru was exalted by your worship.
You visited 3 branches of the dungeon, and saw 15 of its levels.
You also visited: Sewer, Bailey and Ice Cave.

You collected 1320 gold pieces.
You spent 359 gold pieces at shops.

Inventory:

Hand Weapons
 b - the +6 demon whip "Nytadar" {pain, +Fly Stlth+}
   (You found it in an ice cave)

   In the hands of one skilled in necromantic magic, it inflicts extra damage on
   living creatures.
   It lets you fly.
   It makes you more stealthy.
 y - a +1 vorpal hand axe
 T - a +0 broad axe of electrocution (weapon)
Missiles
 J - 14 javelins (quivered)
 N - 2 throwing nets
Armour
 c - a +0 kite shield (worn)
 l - a +2 pair of boots (worn)
 C - a +2 pair of gloves of strength (worn)
 E - a +0 plate armour (worn)
 K - a +1 hat (worn)
 W - a scarf of resistance
 X - a +1 cloak of cold resistance (worn)
Jewellery
 f - an uncursed ring of protection from fire
 i - a ring of stealth (right hand)
 m - a +6 ring of dexterity
 x - an uncursed amulet of the acrobat
 L - a ring of poison resistance (left hand)
 P - an amulet of faith (around neck)
 S - a +6 ring of strength
Wands
 w - a wand of polymorph (7)
 G - a wand of random effects (27)
 I - a wand of flame (19)
 M - a wand of digging (6)
 O - a wand of enslavement (12)
Scrolls
 a - a scroll of brand weapon {unknown}
 e - 9 scrolls of remove curse
 g - 3 scrolls of random uselessness {unknown}
 h - 9 scrolls of identify
 j - 5 scrolls of blinking
 o - 7 scrolls of magic mapping
 t - 3 scrolls of fog {unknown}
 u - 5 scrolls of teleportation {unknown}
 v - 3 scrolls of amnesia {unknown}
 A - 2 scrolls of enchant weapon {unknown}
 B - 2 scrolls of fear {unknown}
 F - 2 scrolls of immolation {unknown}
 H - 4 scrolls of enchant armour {unknown}
 R - 2 scrolls of holy word {unknown}
 Y - a scroll of silence {unknown}
Potions
 d - a potion of might
 n - a potion of resistance
 p - 6 potions of curing
 q - a potion of invisibility
 r - 2 potions of flight
 s - 2 potions of brilliance
 z - a potion of lignification
 D - a potion of mutation
 V - a potion of ambrosia {unknown}
Miscellaneous
 U - a phial of floods


   Skills:
 + Level 13.5 Fighting
 - Level 16.0 Axes
 - Level 9.0 Armour
 - Level 3.0 Dodging
 + Level 13.5 Shields


You had 12 spell levels left.
You didn't know any spells.
Your spell library was empty.

Dungeon Overview and Level Annotations

Branches:
Dungeon (13/15)            Temple (1/1) D:5            Lair (0/6) D:8
    Orc (1/2) D:10          Sewer (visited)          Bailey (visited)
  IceCv (visited)
 Vaults: D:13-14

Altars:
Ashenzari
Cheibriados
Dithmenos
Elyvilon
Fedhas
Gozag
Hepliaklqana
Kikubaaqudgha
Makhleb
Nemelex Xobeh
Okawaru
Qazlal
Ru
Sif Muna
Trog
Uskayaw
Vehumet
Wu Jian
Xom
Yredelemnul
Zin
The Shining One

Shops:
D:6 (   D:9 *

Annotations:
D:10 Jorgrun


Innate Abilities, Weirdness & Mutations

You reflexively headbutt those who attack you in melee.
You have a pair of horns on your head.


Message History

Jorgrun mutters some incantations to himself.
You block Jorgrun's attack.
* * * LOW HITPOINT WARNING * * *
The grasping roots constrict you!
Unknown command.
Unknown command.
You slash Jorgrun!
Jorgrun is lightly wounded.
Jorgrun hits you with an uncursed staff of earth!
* * * LOW HITPOINT WARNING * * *
x2 The grasping roots constrict you!
Unknown command.
Unknown command.
You feel much better. Jorgrun hits you but does no damage.
* * * LOW HITPOINT WARNING * * *
The grasping roots constrict you!
You feel yourself speed up. Jorgrun hits you but does no damage.
Jorgrun shatters you!
* * * LOW HITPOINT WARNING * * *
You die...

#########################
#!'.#....................
#.#.#...g................
#.#.#...@..........[.....
#.#..........[...()...)..
###................##.[(.
#≈....#.............[..
#.≈...#................
#######################
#..#..>..............
#...........#.#......
#.###'####....'......


You could see Jorgrun.

Vanquished Creatures
  Gastronok (D:11)
  An orc warlord (Orc:1)
  Nessos (D:12)
  Harold (D:9)
  4 two-headed ogres
  4 skeletal warriors (D:13)
  An unseen horror (D:13)
  2 ugly things
  An orc sorcerer (Orc:1)
  A deep elf mage (D:6)
  Maurice (D:9)
  2 ice statues (IceCv)
  Psyche (D:12)
  A gargoyle (D:10)
  7 ice devils (IceCv)
  A kobold demonologist (D:11)
  4 trolls
  Grinder (D:4)
  A hornet (D:9)
  6 slime creatures
  16 yaks
  6 vampire mosquitoes
  A warg (Orc:1)
  2 ice beasts
  A swamp drake (D:10)
  A black bear (D:10)
  13 orc warriors
  2 phantoms
  4 sky beasts
  A necrophage (D:9)
  An eye of draining (D:8)
  7 ogres
  9 centaurs
  5 bullfrogs
  7 big kobolds
  A wyvern zombie (D:12)
  15 killer bees
  2 scorpions
  A water moccasin skeleton (D:6)
  7 wights
  3 howler monkeys (D:10)
  A crimson imp (D:5)
  A centaur zombie (D:8)
  2 quasits (D:8)
  3 bullfrog zombies
  13 orc priests
  A centaur skeleton (D:11)
  10 hounds
  7 jellies
  Jessica (D:3)
  3 bullfrog skeletons
  6 iguanas
  12 orc wizards
  7 worker ants
  2 hound skeletons
  A howler monkey zombie (D:5)
  A worker ant zombie (D:5)
  Robin (D:4)
  17 adders
  A howler monkey skeleton (D:8)
  4 shadow imps
  11 white imps
  8 ufetubi
  2 oozes (D:5)
  An adder skeleton (D:8)
  4 worms
  3 dart slugs
  8 leopard geckos
  66 orcs
  2 ball pythons
  11 giant cockroaches
  14 hobgoblins
  4 jackals (Sewer)
  23 kobolds
  2 quokkas
  16 bats
  10 frilled lizards
  16 goblins
  A jackal zombie (D:5)
  A leopard gecko skeleton (D:4)
  A quokka skeleton (D:5)
  5 rats
450 creatures vanquished.

Vanquished Creatures (others)
  A reaper (IceCv)
  An iguana (D:8)
  3 white imps (IceCv)
  6 ufetubi
  3 fungi (D:5)
  24 plants (D:8)
  11 toadstools (D:5)
49 creatures vanquished.

Grand Total: 499 creatures vanquished

Notes
Turn   | Place    | Note
-------+----------+-------------------------------------------
     0 | D:1      | ythm the Minotaur Fighter began the quest for the Orb.
     0 | D:1      | Reached XP level 1. HP: 19/19 MP: 0/0
   140 | D:1      | Reached XP level 2. HP: 27/27 MP: 1/1
   252 | D:1      | Reached skill level 3 in Axes
   591 | D:1      | Reached skill level 1 in Dodging
   903 | D:1      | Reached XP level 3. HP: 33/33 MP: 2/2
  1368 | D:2      | Reached XP level 4. HP: 36/40 MP: 3/3
  1520 | D:2      | Reached skill level 4 in Axes
  1971 | D:3      | Reached XP level 5. HP: 35/46 MP: 4/4
  2253 | D:3      | Noticed Jessica
  2255 | D:3      | Killed Jessica
  2261 | D:3      | Found a glowing drain.
  2290 | Sewer    | Entered a sewer
  3136 | D:4      | Reached XP level 6. HP: 48/53 MP: 5/5
  3143 | D:4      | Reached skill level 5 in Axes
  3170 | D:4      | Reached skill level 5 in Fighting
  3309 | D:4      | Noticed Grinder
  3333 | D:4      | Killed Grinder
  3334 | D:4      | Reached skill level 5 in Armour
  3334 | D:4      | Reached skill level 5 in Shields
  3334 | D:4      | Reached XP level 7. HP: 35/61 MP: 6/6
  3635 | D:4      | Noticed Robin
  3640 | D:4      | Reached skill level 6 in Axes
  3657 | D:4      | Killed Robin
  3954 | D:4      | You fall into a shaft and drop 3 floors!
  4383 | D:7      | Found a blossoming altar of Fedhas.
  4384 | D:7      | Found a shadowy altar of Dithmenos.
  4391 | D:7      | Reached skill level 7 in Axes
  4402 | D:7      | Reached XP level 8. HP: 70/70 MP: 7/7
  4711 | D:7      | Found a flagged portal.
  4717 | Bailey   | Entered a bailey
  4951 | Bailey   | Noticed an orc knight
  5196 | Bailey   | Identified the +6 crystal plate armour of the Cockatrice
                  | {rC+ Str+3}
  5199 | Bailey   | Reached skill level 8 in Axes
  5667 | D:7      | Found a sacrificial altar of Ru.
  6061 | D:6      | Found Baplets's Antique Weapon Boutique.
  6429 | D:6      | Reached XP level 9. HP: 79/79 MP: 8/8
  6436 | D:6      | Reached skill level 9 in Axes
  6717 | D:6      | Found a burning altar of Makhleb.
  6717 | D:6      | Noticed an Executioner
  6720 | D:6      | Noticed a hellwing
  6943 | D:6      | Noticed a deep elf mage
  6948 | D:6      | Killed a deep elf mage
  7163 | D:5      | Entered Level 5 of the Dungeon
  8095 | D:5      | Found a staircase to the Ecumenical Temple.
  8194 | Temple   | Entered the Ecumenical Temple
  8303 | Temple   | Became a worshipper of Warmaster Okawaru
  8519 | D:5      | Reached skill level 10 in Axes
  8910 | D:5      | Reached * piety under Okawaru
  9386 | D:8      | Reached XP level 10. HP: 83/90 MP: 9/9
  9729 | D:8      | Reached skill level 11 in Axes
  9839 | D:8      | Reached ** piety under Okawaru
  9901 | D:8      | Found a staircase to the Lair.
 10281 | D:9      | Noticed Harold
 10305 | D:9      | Killed Harold
 10428 | D:9      | Noticed Maurice
 10519 | D:9      | Killed Maurice
 10556 | D:9      | Found Emoamop's Assorted Antiques.
 10563 | D:9      | Bought a scroll labelled WOEDUKHO PEHU for 33 gold pieces
 10563 | D:9      | Bought a scroll labelled WOEDUKHO PEHU for 33 gold pieces
 10563 | D:9      | Bought a scroll labelled WOEDUKHO PEHU for 33 gold pieces
 10563 | D:9      | Bought a dented malachite amulet for 165 gold pieces
 10563 | D:9      | Bought a scroll labelled DOMMAKAH QICUD for 33 gold pieces
 10563 | D:9      | Bought a scroll labelled KEFENE AWK for 33 gold pieces
 10563 | D:9      | Bought a bubbling white potion for 29 gold pieces
 10684 | D:9      | Reached *** piety under Okawaru
 10685 | D:9      | Reached skill level 12 in Axes
 11162 | D:10     | Entered Level 10 of the Dungeon
 11204 | D:10     | Noticed a two-headed ogre
 11223 | D:10     | Killed a two-headed ogre
 11223 | D:10     | Reached **** piety under Okawaru
 11224 | D:10     | Reached XP level 11. HP: 79/99 MP: 10/10
 11230 | D:10     | Reached skill level 10 in Shields
 11419 | D:10     | Reached skill level 10 in Fighting
 11429 | D:10     | Found a broken altar of Ashenzari.
 11445 | D:10     | Reached skill level 13 in Axes
 11995 | D:10     | Found a staircase to the Orcish Mines.
 12365 | Orc:1    | Entered Level 1 of the Orcish Mines
 12365 | Orc:1    | Noticed an orc warlord
 12365 | Orc:1    | Noticed an orc sorcerer
 12367 | Orc:1    | Noticed a sun demon
 12688 | D:11     | Reached ***** piety under Okawaru
 12757 | D:11     | Noticed Gastronok
 12774 | D:11     | Killed Gastronok
 12774 | D:11     | Received a gift from Okawaru
 12775 | D:11     | Reached skill level 14 in Axes
 13134 | D:12     | Noticed a two-headed ogre
 13138 | D:12     | Killed a two-headed ogre
 13153 | D:12     | Found a frozen archway.
 13163 | IceCv    | Entered an ice cave
 13277 | IceCv    | Killed a reaper
 13898 | IceCv    | Received a gift from Okawaru
 14437 | IceCv    | Reached XP level 12. HP: 52/110 MP: 8/11
 14891 | IceCv    | Reached skill level 15 in Axes
 15000 | IceCv    | Got a warped demon whip
 15001 | IceCv    | Identified the +6 demon whip "Nytadar" {pain, +Fly Stlth+}
                  | (You found it in an ice cave)
 15169 | D:12     | Noticed Nessos
 15199 | D:12     | Killed Nessos
 15430 | D:12     | Noticed Psyche
 15433 | D:12     | Killed Psyche
 15506 | D:12     | Noticed a two-headed ogre
 15512 | D:12     | Killed a two-headed ogre
 15630 | D:12     | You fall into a shaft and drop 1 floor!
 15647 | D:13     | Reached ****** piety under Okawaru
 15648 | D:13     | Reached skill level 16 in Axes
 16241 | D:12     | Received a gift from Okawaru
 16472 | Orc:1    | Noticed a two-headed ogre
 16473 | Orc:1    | Received a gift from Okawaru
 16476 | Orc:1    | Noticed Jorgrun
 16485 | Orc:1    | Killed a two-headed ogre
 16486 | Orc:1    | Reached XP level 13. HP: 57/122 MP: 10/12
 16487 | Orc:1    | Killed an orc warlord
 16487 | Orc:1    | Received a gift from Okawaru
 16498 | D:10     | HP: 6/122 [Jorgrun/uncursed staff of earth (17)]
 16498 | D:10     | Slain by Jorgrun

Illustrated notes

Levels and vault maps discovered:
D:1:      dpeg_arrival_morbid_curiosity, layout_loops_corners
D:2:      minmay_angry_zag, layout_loops_cross, minmay_lizard_pond
D:3:      layout_basic, cheibrodos_sewer_entry_bend, uniq_jessica
D:4:      layout_basic, chequers_serial_rivers_room_a, minmay_misc_feat_rugged,
          uniq_robin, uniq_grinder
D:5:      cheibrodos_fertilizer, layout_loops_ring, lemuel_temple_firewalk_b,
          minmay_fire_ice_demons
D:6:      layout_basic, makhleb_altar_promises_db, serial_shops, shop_coins,
          guppyfry_early_elven_hall
D:7:      layout_basic, hangedman_ru_absence, grunt_temple_overflow_open,
          enter_bailey_2
D:8:      layout_gridville, david_lair_shrubbed, lemuel_flame_loot_1
D:9:      layout_loops_ring, serial_shops,
          nicolae_shop_temple_entry_statues_fountains, uniq_maurice, uniq_harold
D:10:     wad_crossroads, layout_basic, erik_orc_1, basic_altar,
          chequers_serial_rivers_small_a
D:11:     layout_cave_pools, uniq_gastronok
D:12:     layout_loops_cross, portal_ice_cave_entry_pillars_2, uniq_nessos,
          uniq_psyche
D:13:     layout_rooms
Temple:   dpeg_five_rooms_temple
Orc:1:    cheibrodos_orc_guarddog, layout_diamond_mine, sword_in_stone,
          uniq_jorgrun

Skill      XL: |  1  2  3  4  5  6  7  8  9 10 11 12 |
---------------+-------------------------------------+-----
Axes           | 3 4 5 7 8 10 12 14 16 | 16.0
Dodging        | 1 2 3 |  3.0
Armour         | 4 5 7 8 9 |  9.0
Shields        | 4 5 6 7 8 9 11 13 | 13.5
Fighting       | 4 5 7 8 9 11 13 | 13.5

Action                   |  1- 3 |  4- 6 |  7- 9 | 10-12 | 13-15 || total
-------------------------+-------+-------+-------+-------+-------++-------
Melee: War axe           |    97 |   174 |   293 |   352 |       ||   916
       Headbutt          |    16 |    28 |    75 |   164 |       ||   283
       Broad axe         |       |       |       |   212 |     4 ||   216
Invok: Heroism           |       |       |       |     6 |       ||     6
       Finesse           |       |       |       |     1 |       ||     1
Evoke: Wand              |       |       |     7 |       |       ||     7
  Use: Scroll            |       |       |       |    11 |       ||    11
       Potion            |       |       |       |       |     7 ||     7
Armor: Scale mail        |    37 |   130 |    25 |       |       ||   192
       Plate armour      |       |       |    72 |   249 |     5 ||   326
Dodge: Dodged            |    20 |    68 |   115 |   143 |     1 ||   347
Block: Kite shield       |    54 |   119 |   189 |   333 |     6 ||   701
